 Dungeon Crawl Stone Soup version 0.23.2-33-g5129a83184 (webtiles) character file.

Game seed: 13642431804292487913

607 AarnesTheHuman the Shield-Bearer (level 7, 0/56 HPs)
             Began as a Barachi Fighter on Aug 9, 2019.
             Slain by a water moccasin (4 damage)
             ... on level 5 of the Dungeon.
             The game lasted 00:10:09 (4615 turns).

AarnesTheHuman the Shield-Bearer (Barachi Fighter)  Turns: 4615, Time: 00:10:09

Health: 0/56       AC:  7    Str: 16 (19) XL:     7   Next: 43%
Magic:  7/7        EV:  7    Int:  5 (8)  God:
Gold:   154        SH:  9    Dex: 10 (12) Spells: 6/6 levels left

rFire    . . .     SeeInvis .   a - +0 long sword
rCold    . . .     Gourm    .   c - +0 shield
rNeg     . . .     Faith    .   b - +0 scale mail
rPois    .         Spirit   .   (no helmet)
rElec    .         Reflect  .   (no cloak)
rCorr    .         Harm     .   (no gloves)
MR       .....                  (no boots)
Stlth    ..........             (no amulet)
HPRegen  0.18/turn              (no ring)
MPRegen  0.10/turn              (no ring)

@: slow
A: +LOS, swims, slowness 1, strong legs 1
a: Hop


You were on level 5 of the Dungeon.
You were not hungry.

You visited 1 branch of the dungeon, and saw 5 of its levels.

You collected 154 gold pieces.

Inventory:

Hand Weapons
 a - a +0 long sword (weapon)
 g - a +0 hand axe of flaming
 l - a +3 trident
Armour
 b - a +0 scale mail (worn)
 c - a +0 shield (worn)
 m - a +0 helmet
Jewellery
 i - an uncursed ring of ice {unknown}
Wands
 p - a wand of iceblast (5)
 q - a wand of flame (18)
Scrolls
 k - 2 scrolls of identify
 s - a scroll of enchant armour {unknown}
Potions
 d - a potion of might
 h - a potion of agility
 n - a potion of flight
Comestibles
 f - 6 rations


   Skills:
 + Level 5.6 Fighting
 + Level 4.8 Long Blades
 + Level 5.6 Armour
 * Level 6.1 Shields


You had 6 spell levels left.
You didn't know any spells.
Your spell library contained the following spells:

 Spells                   Type           Power        Failure   Level  Hunger
 Corona                   Hex            #......      99%         1    ##.....
 Ensorcelled Hibernation  Hex/Ice        #.....       100%        2    ###....
 Confuse                  Hex            #.......     100%        3    ####...
 Dazzling Spray           Conj/Hex       #.....       100%        3    ####...
 Tukima's Dance           Hex            #.......     100%        3    ####...


Dungeon Overview and Level Annotations

Branches:
Dungeon (5/15)
 Temple: D:4-7

Altars:
Ru

Shops:
D:4 [   D:5 ?


Innate Abilities, Weirdness & Mutations

Shadows flee at your approach. (+LOS)
You can swim through water.
You cover ground slowly.
You can hop short distances.


Message History

You closely miss the water moccasin.
The water moccasin is severely wounded.
* * * LOW HITPOINT WARNING * * *
You feel very sick.
The water moccasin bites you but does no damage.
You block the water moccasin's attack.
You feel better. You block the water moccasin's attack.
You hit the water moccasin.
The water moccasin is severely wounded.
The water moccasin closely misses you. The water moccasin bites you.
* * * LOW HITPOINT WARNING * * *
You hit the water moccasin.
The water moccasin is severely wounded.
The water moccasin bites you.
* * * LOW HITPOINT WARNING * * *
The water moccasin barely misses you.
You barely miss the water moccasin.
The water moccasin is severely wounded.
The water moccasin bites you.
You die...

#### #..$# ##....#
..##......
..#.......### #
...........## #.
#.....##S..#####
#..#........@.#.#.###
....................#
.........#..........#
.[..........##.....##
.........######....##
..........####......###
.............#........#
..........##.........##
.........##.....<.#.##


You could see a water moccasin.

Vanquished Creatures
  Blork the orc (D:4)
  A crimson imp (D:4)
  A centaur skeleton (D:4)
  2 hounds (D:4)
  An orc priest (D:4)
  3 orc wizards (D:4)
  2 iguanas
  2 worker ants (D:4)
  A gnoll (D:4)
  A howler monkey skeleton (D:4)
  7 adders
  A shadow imp (D:4)
  2 oozes
  A worm (D:3)
  3 leopard geckos
  15 orcs
  13 bats
  A giant cockroach (D:5)
  13 goblins
  3 hobgoblins
  9 jackals
  A quokka (D:4)
  5 frilled lizards
  9 kobolds
  6 rats
104 creatures vanquished.

Notes
Turn   | Place    | Note
-------+----------+-------------------------------------------
     0 | D:1      | AarnesTheHuman the Barachi Fighter began the quest for the
                  | Orb.
     0 | D:1      | Reached XP level 1. HP: 18/18 MP: 1/1
   132 | D:1      | Reached XP level 2. HP: 24/25 MP: 2/2
   279 | D:1      | Reached XP level 3. HP: 30/30 MP: 3/3
  1304 | D:3      | Reached XP level 4. HP: 30/37 MP: 4/4
  1349 | D:3      | Reached skill level 4 in Shields
  2019 | D:3      | Reached XP level 5. HP: 38/43 MP: 5/5
  2311 | D:4      | Noticed Blork the orc
  2582 | D:4      | Reached XP level 6. HP: 22/50 MP: 6/6
  2623 | D:4      | Reached skill level 5 in Shields
  2802 | D:4      | Found Doexixel's Armour Shoppe.
  2946 | D:4      | Killed Blork the orc
  2946 | D:4      | Reached skill level 5 in Fighting
  2946 | D:4      | Reached skill level 5 in Armour
  3499 | D:4      | Found a sacrificial altar of Ru.
  3692 | D:5      | Entered Level 5 of the Dungeon
  3723 | D:5      | Found Reofag's Magic Scroll Emporium.
  3734 | D:4      | HP: 2/51 [orc wizard/magic dart (6)]
  3738 | D:4      | Reached XP level 7. HP: 4/56 MP: 7/7
  3739 | D:4      | HP: 4/84 [poisoned by an orc wizard]
  4424 | D:4      | Reached skill level 6 in Shields
  4615 | D:5      | Slain by a water moccasin

Skill      XL: |  1  2  3  4  5  6  7 |
---------------+----------------------+-----
Fighting       | 4 5 |  5.6
Armour         | 4 5 |  5.6
Long Blades    | 3 4 |  4.8
Shields        | 4 5 6 |  6.1

Action                   |  1- 3 |  4- 6 |  7- 9 || total
-------------------------+-------+-------+-------++-------
Melee: Long sword        |   167 |   223 |    81 ||   471
 Abil: Hop               |       |     1 |     1 ||     2
Evoke: Wand              |       |     2 |       ||     2
  Use: Scroll            |       |     5 |       ||     5
       Potion            |       |     1 |     4 ||     5
  Eat: Chunk             |     2 |     8 |     1 ||    11
       Ration            |       |       |     1 ||     1
Armor: Scale mail        |   101 |   120 |    33 ||   254
Dodge: Dodged            |    70 |   104 |    28 ||   202
Block: Shield            |   111 |   156 |    49 ||   316
       Rpst.: Long sword |    22 |    35 |    11 ||    68
